 Dungeon Crawl Stone Soup version 0.22-a0-247-gbddf880 (webtiles) character file.

471 Amnesiac the Prestidigitator (level 6, -4/33 HPs)
             Began as a Deep Elf Artificer on Feb 25, 2018.
             Shot with an arrow by a centaur (11 damage)
             ... on level 5 of the Dungeon.
             The game lasted 00:05:58 (1978 turns).

Amnesiac the Prestidigitator (Deep Elf Artificer)   Turns: 1978, Time: 00:05:59

Health: -4/33      AC:  3    Str: 11    XL:     6   Next: 83%
Magic:  14/14      EV: 12    Int: 16    God:
Gold:   269        SH:  0    Dex: 15    Spells: 5/5 levels left

rFire    . . .     SeeInvis .   o - +2 flail (protect)
rCold    . . .     Gourm    .   (no shield)
rNeg     . . .     Faith    .   b - +0 leather armour
rPois    .         Spirit   .   (no helmet)
rElec    .         Reflect  .   (no cloak)
rCorr    .         Harm     .   (no gloves)
MR       .....                  (no boots)
Stlth    ++........             (no amulet)
HPRegen  0.11/turn              (no ring)
MPRegen  0.14/turn              (no ring)

@: no status effects
A: no striking features
a: no special abilities


You were on level 5 of the Dungeon.
You were hungry.

You visited 1 branch of the dungeon, and saw 5 of its levels.

You collected 269 gold pieces.

Inventory:

Hand Weapons
 a - a +0 short sword
 o - a +2 flail of protection (weapon)
Missiles
 m - 7 tomahawks (quivered)
Armour
 b - a +0 leather armour (worn)
Jewellery
 n - an uncursed ring of wizardry {unknown}
Wands
 c - a wand of flame (2)
 d - a wand of enslavement (11)
 e - a wand of random effects (35)
 s - a wand of scattershot (4)
Scrolls
 g - a scroll of enchant weapon {!r, unknown}
 h - 3 scrolls of identify {!r, unknown}
 i - 2 scrolls of remove curse {!r, unknown}
 j - 3 scrolls of teleportation {!r, unknown}
 l - a scroll of fog {!r, unknown}
Potions
 k - a potion of magic {!q, unknown}
 p - a potion of heal wounds {!q, unknown}
 q - a potion of experience {!q, unknown}
 r - a potion of flight {!q, unknown}
Comestibles
 f - 7 rations


   Skills:
 - Level 0.7 Fighting
 - Level 1.0 Short Blades
 - Level 2.4 Dodging
 - Level 1.2 Stealth
 + Level 8.6 Evocations


You had 5 spell levels left.
You didn't know any spells.

Dungeon Overview and Level Annotations

Branches:
Dungeon (5/15)
 Temple: D:4-7

Altars:
Ashenzari
Fedhas
Wu Jian
Yredelemnul
The Shining One

Shops:
D:5 *


Message History

Press: ? - help, Shift-Dir - straight line Nothing appears to happen.
Something hits you but does no damage.
You start resting.
HP restored.
Autopickup is now on.
You start resting.
Something hits you but does no damage.
Deactivating autopickup; reactivate with Ctrl-A.
You closely miss something. Something hits you. Something shocks you.
Evoke which item? (* to show all) (? for menu, Esc to quit)
Aiming: Random Effects
Press: ? - help, Shift-Dir - straight line Nothing appears to happen.
A sky beast appears from thin air!
Reactivating autopickup.
The sky beast hits you. The sky beast shocks you.
* * * LOW HITPOINT WARNING * * *
Evoke which item? (* to show all) (? for menu, Esc to quit)
Aiming: Enslavement
Press: ? - help, Shift-Dir - straight line, f - sky beast
Aim: a sky beast (fast, chance to defeat MR: 70%)
The sky beast struggles to resist.
The sky beast hits you but does no damage. x2
Evoke which item? (* to show all) (? for menu, Esc to quit)
Aiming: Enslavement
Press: ? - help, Shift-Dir - straight line, f/p - sky beast
Aim: a sky beast (fast, chance to defeat MR: 70%)
The sky beast struggles to resist.
The sky beast flickers out of sight!
Deactivating autopickup; reactivate with Ctrl-A.
Something hits you but does no damage.
Evoke which item? (* to show all) (? for menu, Esc to quit)
Aiming: Enslavement
Press: ? - help, Shift-Dir - straight line Nothing appears to happen.
Something hits you.
* * * LOW HITPOINT WARNING * * *
Something shocks you.
* * * LOW HITPOINT WARNING * * *
Something hits you but does no damage.
Evoke which item? (* to show all) (? for menu, Esc to quit)
Aiming: Enslavement
Press: ? - help, Shift-Dir - straight line You detect the charmed sky beast.
Reactivating autopickup.
What are your orders? t - Shout!
Orders for allies: a - Attack new target. r - Retreat! s - Stop attacking. g - Guard the area. f - Follow me.
Anything else - Cancel.
Retreat in which direction?
Press: ? - help, Dir - move target cursor Fall back!
What are your orders? t - Shout!
Orders for allies: a - Attack new target. r - Retreat! s - Stop attacking. g - Guard the area. f - Follow me.
Anything else - Cancel.
Guard this area!
Found a ration.
A centaur comes into view. It is wielding a great sword.
The centaur shouts!
The centaur unwields an uncursed great sword.
The centaur wields a shortbow.
The centaur shoots an arrow.
The arrow hits you!
You die...

#######.# #.# #..... #.......#
#.# #.#### ##.################.#
#.# #.# #...........# #.....#
##.# #.########### #.....# ...#
##.####### #.$.... ..####
#.......[# #.....# .....#
#........## #.....# #.##.#
#........@## ########## #.##.#
##.###.....##...##
...#.####.###...........#
...............####......%.
...#.##.....##...####.c.... ###..
.###.##.....###....####..####.W..
.#<#........# ##.....# ## ......
.#.#........####.....##### .$....
...#.$..Y..........####..####....


You could see a centaur.

Vanquished Creatures
  A phantom (D:5)
  An ogre (D:4)
  A centaur (D:5)
  A scorpion (D:4)
  A crimson imp (D:5)
  A centaur skeleton (D:4)
  A bullfrog skeleton (D:4)
  A howler monkey skeleton (D:4)
  4 adders
  A worm (D:5)
  A leopard gecko (D:3)
  8 orcs
  3 ball pythons (D:4)
  2 bats (D:2)
  2 giant cockroaches
  3 hobgoblins (D:3)
  A frilled lizard (D:2)
  2 goblins (D:2)
  A quokka skeleton (D:2)
  2 rats
  A fungus (D:1)
39 creatures vanquished.

Notes
Turn   | Place    | Note
-------+----------+-------------------------------------------
     0 | D:1      | Amnesiac the Deep Elf Artificer began the quest for the Orb.
     0 | D:1      | Reached XP level 1. HP: 11/11 MP: 5/5
   220 | D:2      | Reached XP level 2. HP: 12/16 MP: 6/6
   234 | D:2      | Reached skill level 4 in Evocations
   683 | D:4      | Reached XP level 3. HP: 13/20 MP: 8/8
   748 | D:4      | Noticed a scorpion
   753 | D:4      | Killed a scorpion
   753 | D:4      | Reached skill level 5 in Evocations
   753 | D:4      | Reached XP level 4. HP: 21/24 MP: 8/10
   790 | D:4      | Reached skill level 6 in Evocations
   905 | D:4      | Found a shattered altar of Ashenzari.
   905 | D:4      | Found an ornate altar of the Wu Jian Council.
   911 | D:4      | Noticed an ogre
   919 | D:4      | Killed an ogre
   919 | D:4      | Reached XP level 5. HP: 28/28 MP: 10/12
   957 | D:4      | Reached skill level 7 in Evocations
  1464 | D:5      | Entered Level 5 of the Dungeon
  1469 | D:5      | Found a blossoming altar of Fedhas.
  1474 | D:5      | Found Atumn's Assorted Antiques.
  1476 | D:5      | Noticed a centaur
  1483 | D:5      | Killed a centaur
  1483 | D:5      | Reached XP level 6. HP: 4/33 MP: 13/13
  1769 | D:5      | Noticed a sky beast
  1802 | D:5      | Reached skill level 8 in Evocations
  1831 | D:5      | Found a glowing golden altar of the Shining One.
  1836 | D:5      | Found a basalt altar of Yredelemnul.
  1925 | D:5      | Noticed a sky beast
  1978 | D:5      | Shot with an arrow by a centaur

Vault maps used:
D:1:      evilmike_arrival_hilbert_curve, minmay_gold_behind_fungi,
          minivault_19, minmay_pentomino_r2
D:2:      uniq_sigmund
D:4:      nicolae_overflow_hidden_temple, saegor_snake_ambush
D:5:      grunt_temple_overflow_holy_war, fedhas_altar_1, first_ration,
          serial_shops, shop, minmay_misc_feat_x, uniq_crazy_yiuf_cottage

Skill      XL: |  1  2  3  4  5  6 |
---------------+-------------------+-----
Evocations     | 4 5 6 7 8 |  8.6
Fighting       | |  0.7
Short Blades   | |  1.0
Dodging        | |  2.4
Stealth        | |  1.2

Action                   |  1- 3 |  4- 6 || total
-------------------------+-------+-------++-------
Melee: Short sword       |   100 |    24 ||   124
       Flail             |       |    77 ||    77
Throw: Tomahawk          |       |     8 ||     8
Evoke: Wand              |     6 |    16 ||    22
  Eat: Chunk             |       |     3 ||     3
Armor: Leather armour    |    18 |    31 ||    49
Dodge: Dodged            |    55 |    63 ||   118

Table legend:
 A = Spawn XP
 B = Non-spawn XP
 C = Spawn XP percentage of total XP
 D = Spawn monster count
 E = Non-spawn monster count
 F = Spawn count percentage of total count
 G = Total turns spent on level
                    A         B        C        D         E        F      G
               +---------+---------+-------+---------+---------+-------+---------
         Total |       0 |     674 |   0.0 |       0 |      38 |   0.0 |  1978
               +---------+---------+-------+---------+---------+-------+---------
           D:1 |       0 |       2 |   0.0 |       0 |       1 |   0.0 |   129
           D:2 |       0 |      11 |   0.0 |       0 |       8 |   0.0 |   126
           D:3 |       0 |      26 |   0.0 |       0 |       7 |   0.0 |   422
           D:4 |       0 |     337 |   0.0 |       0 |      17 |   0.0 |   787
           D:5 |       0 |     298 |   0.0 |       0 |       5 |   0.0 |   514
               +---------+---------+-------+---------+---------+-------+---------
